 Dungeon Crawl Stone Soup version 0.23-a0-171-g5ae17c6 (webtiles) character file.

86 Ijustatesigmund the Chopper (level 4, 0/29 HPs)
             Began as an Octopode Gladiator on Sept 14, 2018.
             Killed by divine providence
             ... invoked by an orc priest
              (8 damage)
             ... on level 3 of the Dungeon.
             The game lasted 00:02:54 (1446 turns).

Ijustatesigmund the Chopper (Octopode Gladiator)    Turns: 1446, Time: 00:02:55

Health: 0/29       AC:  1    Str: 13    XL:     4   Next: 49%
Magic:  4/4        EV: 15    Int: 10    God:
Gold:   125        SH:  0    Dex: 14    Spells: 3/3 levels left

rFire    . . .     SeeInvis .   a - +0 war axe
rCold    . . .     Gourm    .   (no shield)
rNeg     . . .     Faith    .   b - +0 hat
rPois    .         Spirit   .   i - amulet of regeneration
rElec    .         Reflect  .   (no ring)
rCorr    .         Harm     .   (no ring)
MR       .....                  (no ring)
Stlth    ++........             (no ring)
HPRegen  0.49/turn              (no ring)
MPRegen  0.09/turn              (no ring)
                                (no ring)
                                (no ring)

@: no status effects
A: almost no armour, stealthy swim, amphibious, 8 rings, constrict 8, camouflage
1, gelatinous body 1
a: no special abilities


You were on level 3 of the Dungeon.
You were not hungry.

You visited 1 branch of the dungeon, and saw 3 of its levels.

You collected 125 gold pieces.

Inventory:

Hand Weapons
 a - a +0 war axe (weapon)
Missiles
 c - 3 throwing nets (quivered)
Armour
 b - a +0 hat (worn)
Jewellery
 i - an amulet of regeneration (around mantle)
Scrolls
 e - a scroll of remove curse
 g - 3 scrolls of teleportation
 j - a scroll of fog
Potions
 h - a potion of cancellation
 k - 2 potions of invisibility
 l - a potion of agility
 n - a potion of lignification
Comestibles
 d - 9 rations
 m - 2 chunks of flesh


   Skills:
 - Level 2.0 Fighting
 * Level 4.5 Axes
 - Level 2.0 Throwing
 + Level 3.8 Dodging


You had 3 spell levels left.
You didn't know any spells.
Your spell library was empty.

Dungeon Overview and Level Annotations

Branches:
Dungeon (3/15)

Altars:


Innate Abilities, Weirdness & Mutations

You cannot wear most types of armour.
You are very stealthy in the water. (Stealth+)
You are amphibious.
You can wear up to eight rings at the same time.
You can use your tentacles to constrict eight enemies at once.
Your skin changes colour to match your surroundings (Stealth+).
Your rubbery body absorbs attacks. (AC +1, EV +1)


Message History

Pain shoots through your body!
* * * LOW HITPOINT WARNING * * *
You are too injured to fight recklessly!
You are too injured to fight recklessly!
You are too injured to fight recklessly!
You are too injured to fight recklessly!
You are too injured to fight recklessly!
You are too injured to fight recklessly!
You are too injured to fight recklessly!
You are too injured to fight recklessly!
You are too injured to fight recklessly!
You are too injured to fight recklessly!
You are too injured to fight recklessly!
You are too injured to fight recklessly!
You are too injured to fight recklessly!
You hit the orc priest. Your grab misses the orc priest.
The orc priest is severely wounded.
The orc priest invokes the aid of Beogh against you.
Beogh smites you!
You die...

#. #.#
######### #.#
#........ #.#
#........ #.#
#o..l.... #.#
#@# #.###.#
######
#....##
#....# #.####
#....# #.#
####....###.#
#..'....'...#
#.##....#####
#.##....#
#############


You could see an orc priest and a frilled lizard.

Vanquished Creatures
  2 adders (D:2)
  An ooze (D:1)
  2 worms
  3 dart slugs (D:2)
  A leopard gecko (D:2)
  2 orcs (D:3)
  A giant cockroach (D:1)
  7 goblins
  4 hobgoblins
  5 jackals (D:1)
  4 kobolds
  2 quokkas (D:2)
  4 bats
  2 frilled lizards
  8 rats
48 creatures vanquished.

Notes
Turn   | Place    | Note
-------+----------+-------------------------------------------
     0 | D:1      | Ijustatesigmund the Octopode Gladiator began the quest for
                  | the Orb.
     0 | D:1      | Reached XP level 1. HP: 14/14 MP: 1/1
    36 | D:1      | Reached XP level 2. HP: 15/19 MP: 2/2
   488 | D:1      | Reached XP level 3. HP: 23/24 MP: 3/3
   802 | D:2      | Reached skill level 4 in Axes
  1078 | D:2      | Reached XP level 4. HP: 29/29 MP: 4/4
  1446 | D:3      | Killed from afar by an orc priest

Vault maps used:
D:1:      dpeg_arrival_short_road
D:2:      first_ration
D:3:      okawaru_altar_gauntlet_db

Skill      XL: |  1  2  3 |
---------------+----------+-----
Axes           | 4 |  4.5
Fighting       | |  2.0
Throwing       | |  2.0
Dodging        | |  3.8

Action                   |  1- 3 |  4- 6 || total
-------------------------+-------+-------++-------
Melee: War axe           |    52 |    27 ||    79
       Tentacles         |     9 |     2 ||    11
       Constrict         |    11 |     5 ||    16
  Use: Scroll            |     7 |     4 ||    11
 Stab: Sleeping          |     4 |     3 ||     7
  Eat: Chunk             |       |     2 ||     2
Armor: Skin              |     7 |     3 ||    10
Dodge: Dodged            |    46 |    21 ||    67

Table legend:
 A = Non-vault XP
 B = Vault XP
 C = Vault XP percentage of total XP
 D = Non-vault monster count
 E = Vault monster count
 F = Vault count percentage of total count
                 A         B        C        D         E       F
            +---------+---------+-------+---------+---------+-------
      Total |     123 |       0 |   0.0 |      48 |       0 |   0.0
            +---------+---------+-------+---------+---------+-------
        D:1 |      35 |       0 |   0.0 |      18 |       0 |   0.0
        D:2 |      65 |       0 |   0.0 |      20 |       0 |   0.0
        D:3 |      23 |       0 |   0.0 |      10 |       0 |   0.0
            +---------+---------+-------+---------+---------+-------
